 Dungeon Crawl Stone Soup version 0.23.2-33-g5129a83184 (webtiles) character file.

Game seed: 15980783498529449540

46 teukkam the Skirmisher (level 3, -8/33 HPs)
             Began as a Minotaur Fighter on July 3, 2019.
             Killed from afar by Ijyb (14 damage)
             ... with a wand of acid (8)
             ... on level 3 of the Dungeon.
             The game lasted 00:01:25 (269 turns).

teukkam the Skirmisher (Minotaur Fighter)            Turns: 269, Time: 00:01:26

Health: -8/33      AC:  8    Str: 26    XL:     3   Next: 46%
Magic:  2/2        EV:  7    Int:  5    God:
Gold:   9          SH: 10    Dex:  9    Spells: 2/2 levels left

rFire    . . .     SeeInvis .   a - +0 war axe
rCold    . . .     Gourm    .   c - +0 shield
rNeg     . . .     Faith    .   b - +0 scale mail
rPois    .         Spirit   .   (helmet restricted)
rElec    .         Reflect  .   m - +0 cloak
rCorr    .         Harm     .   (no gloves)
MR       .....                  (no boots)
Stlth    ..........             i - amulet of the acrobat
HPRegen  0.11/turn              (no ring)
MPRegen  0.08/turn              (no ring)

@: mighty
A: retaliatory headbutt, horns 2
a: no special abilities


You were on level 3 of the Dungeon.
You were not hungry.

You visited 1 branch of the dungeon, and saw 3 of its levels.

You collected 9 gold pieces.

Inventory:

Hand Weapons
 a - a +0 war axe (weapon)
Armour
 b - a +0 scale mail (worn)
 c - a +0 shield (worn)
 m - a +0 cloak (worn)
Jewellery
 i - an amulet of the acrobat (around neck)
Scrolls
 e - 3 scrolls of teleportation {unknown}
 j - a scroll of identify {unknown}
 k - a scroll of blinking {unknown}
 l - a scroll of fog {unknown}
 n - a scroll of remove curse {unknown}
Potions
 g - a potion of invisibility {unknown}
Comestibles
 f - 5 rations
 h - a chunk of flesh


   Skills:
 + Level 4.2 Fighting
 + Level 3.1 Axes
 + Level 4.1 Armour
 + Level 4.1 Shields


You had 2 spell levels left.
You didn't know any spells.
Your spell library was empty.

Dungeon Overview and Level Annotations

Branches:
Dungeon (3/15)

Altars:
Yredelemnul

Annotations:
D:3 1 runed translucent door, Ijyb


Innate Abilities, Weirdness & Mutations

You reflexively headbutt those who attack you in melee.
You have a pair of horns on your head.


Message History

Found a ration.
Some of the chunks of flesh in your inventory have rotted away.
f - 5 rations (gained 1) Ijyb the Twisted Goblin comes into view.
She is wielding a +0 club and carrying a wand of acid (10).
Found a stone staircase leading down.
Ijyb zaps a wand.
The bolt of acid misses you.
Ijyb zaps a wand.
The bolt of acid hits you!
You are splashed with acid!
* * * LOW HITPOINT WARNING * * *
You hit Ijyb but do no damage. Ijyb hits you but does no damage.
Ijyb drinks a potion.
Ijyb seems to grow stronger.
You barely miss Ijyb. Your headbutt misses Ijyb.
Ijyb hits you but does no damage.
You feel very mighty all of a sudden. You block Ijyb's attack.
You barely miss Ijyb. Your headbutt misses Ijyb.
Ijyb hits you but does no damage.
You slice Ijyb!! Your headbutt misses Ijyb.
Ijyb is almost dead.
Ijyb zaps a wand.
The bolt of acid hits you!
You die...

#...# #..># #########
##...# #.......# ....#
#......8# #..#
#.......#
#..###......#####
#.......###.#...#
..####..###..#p+.#._.#
.......@# #..###.#...#
...####g###......#####
. ..##........#
#####.#.....8#
#.#....##.... #.#.####
#### #.#.# #.#.#
#.#.#########


You could see Ijyb.

Vanquished Creatures
  A human zombie (D:3)
  2 dart slugs
  A goblin (D:2)
  3 hobgoblins
  A kobold (D:2)
  4 bats
  A frilled lizard (D:1)
  A goblin zombie (D:3)
  A rat (D:2)
15 creatures vanquished.

Notes
Turn   | Place    | Note
-------+----------+-------------------------------------------
     0 | D:1      | teukkam the Minotaur Fighter began the quest for the Orb.
     0 | D:1      | Reached XP level 1. HP: 19/19 MP: 0/0
   117 | D:2      | Reached XP level 2. HP: 27/27 MP: 1/1
   228 | D:3      | Noticed a human
   229 | D:3      | Found a runed translucent door.
   231 | D:3      | Found a basalt altar of Yredelemnul.
   244 | D:3      | Reached XP level 3. HP: 26/33 MP: 2/2
   262 | D:3      | Noticed Ijyb
   269 | D:3      | Killed from afar by Ijyb

Skill      XL: |  1  2 |
---------------+-------+-----
Fighting       | 4 |  4.2
Axes           | 3 |  3.1
Armour         | 4 |  4.1
Shields        | 4 |  4.1

Action                   || total
-------------------------++-------
Melee: War axe           ||    43
       Headbutt          ||     6
  Use: Potion            ||     1
Armor: Scale mail        ||    20
Dodge: Dodged            ||    20
Block: Shield            ||    27
